 Dungeon Sprint DCSS version 0.27-a0-1334-g2746e35aca (webtiles) character file.

Game seed: 9674731564722666925

1677 Conn the Unseen (level 9, -4/79 HPs)
             Began as a Ghoul Brigand on June 26, 2021.
             Shot with an arrow by a centaur warrior (12 damage)
             ... in the Dungeon (Sprint I: "Red Sonja").
             The game lasted 00:15:12 (1528 turns).

Conn the Unseen (Ghoul Brigand)                     Turns: 1528, Time: 00:15:13

Health: -4/79      AC:  9    Str: 16    XL:     9   Next: 1%
Magic:  8/8        EV:  9    Int:  6    God:
Gold:   780        SH:  8    Dex: 12    Spells: 7/8 levels left

rFire    . . .     SeeInvis .   k - +1 dagger (elec)
rCold    + . .     Faith    .   l - +0 kite shield
rNeg     + + +     Spirit   .   e - +3 ring mail
rPois    ∞         Reflect  .   (no helmet)
rElec    .         Harm     .   c - +0 cloak
rCorr    .         Rampage  .   (no gloves)
Will     +....     NoTele   +   (no boots)
Stlth    ++++++....             (no amulet)
HPRegen  0.00/turn              n - ring of willpower
MPRegen  0.11/turn              (no ring)

@: no status effects
A: claws 1, cold resistance 1, negative energy resistance 3, inhibited
regeneration, torment resistance 2
a: no special abilities


You were in the Dungeon.
You visited 1 branch You collected 838 gold pieces.
You spent 58 gold pieces at shops.

Inventory:

Hand Weapons
 a - a +2 dagger
 k - a +1 dagger of electrocution (weapon)
Missiles
 d - a poisoned dart (quivered)
Armour
 b - a +0 robe
 c - a +0 cloak (worn)
 e - a +3 ring mail (worn)
 l - a +0 kite shield (worn)
Jewellery
 n - a ring of willpower (left claw)
Scrolls
 g - a scroll of immolation {unknown}
Potions
 f - 5 potions of curing
 i - 2 potions of magic


   Skills:
 + Level 7.0 Fighting
 + Level 6.0 Short Blades
 * Level 6.4 Throwing
 * Level 3.1 Armour
 + Level 3.5 Dodging
 + Level 16.9 Stealth
 + Level 3.1 Shields


You had 7 spell levels left.
You knew the following spells:

 Your Spells              Type           Power      Damage    Failure   Level
a - Apportation           Tloc           0%         N/A       99%         1

Your spell library contained the following spells:

 Spells                   Type           Power      Damage    Failure   Level
 Lesser Beckoning         Tloc           0%         N/A       100%        3
 Tukima's Dance           Hex            0%         N/A       100%        3
 Alistair's Intoxication  Tmut/Pois      0%         N/A       100%        5
 Invisibility             Hex            0%         N/A       100%        6


Dungeon Overview and Level Annotations

Branches:
Dungeon (1/1)

Altars:
Cheibriados
Dithmenos
Elyvilon
Fedhas
Gozag
Hepliaklqana
Kikubaaqudgha
Makhleb
Nemelex Xobeh
Okawaru
Qazlal
Ru
Sif Muna
Trog
Uskayaw
Vehumet
Wu Jian
Xom
Yredelemnul
Zin
The Shining One
Jiyva
Lugonu

Shops:
D :[[


Innate Abilities, Weirdness & Mutations

You thrive by killing the living.
You are immune to poison.
You have sharp fingernails.
Your flesh is cold resistant. (rC+)
You are immune to negative energy. (rN+++)
You do not regenerate when monsters are visible.
You are immune to unholy pain and torment.


Message History

The centaur warrior looks even sicker.
The centaur warrior completely misses you.
The centaur warrior kicks you.
Throw: 3 darts (poison)
Press: ? - help, Q - select action, (/) - cycle Shift-Dir - straight line, f/p - centaur warrior
Aim: a centaur warrior, quivering arrows (very poisoned, 71% to hit)
You throw a poisoned dart.
The poisoned dart completely misses the centaur warrior.
The centaur warrior hits you. The centaur warrior barely misses you.
The centaur warrior hits you but does no damage.
You block the centaur warrior's attack.
Throw: 2 darts (poison)
Press: ? - help, Q - select action, (/) - cycle Shift-Dir - straight line, f/p - centaur warrior
Aim: a centaur warrior, quivering arrows (very poisoned, 71% to hit)
You throw a poisoned dart.
The poisoned dart hits the centaur warrior!
The centaur warrior looks as sick as possible!
The centaur warrior hits you.
The centaur warrior kicks you but does no damage.
You barely miss the centaur warrior.
The centaur warrior is lightly wounded.
The centaur warrior hits you.
The centaur warrior barely misses you. x2
The centaur warrior closely misses you.
The centaur warrior shouts!
You hit the centaur warrior.
The centaur warrior is lightly wounded.
The centaur warrior shoots an arrow.
You block the arrow.
You block the centaur warrior's attack. x2
The centaur warrior wields a +0 shortbow.
The centaur warrior shoots an arrow.
The arrow hits you.
The centaur warrior shoots an arrow.
You block the arrow.
You close the door.
A centaur warrior opens the door.
The centaur warrior shoots an arrow.
The arrow hits you!!
The centaur warrior shoots an arrow.
The arrow hits you!
The centaur warrior shoots an arrow.
You block the arrow.
The centaur warrior shoots an arrow.
The arrow hits you.
The centaur warrior shoots an arrow.
The arrow hits you!
* * * LOW HITPOINT WARNING * * *
The centaur warrior shoots an arrow.
The arrow hits you!
You die...

#..#####'#####'#__####
#..####..#...#(####)!#
#..#__####..##.#§§§§§#
#.[#_____##'#_.§§§§c§+
#⌠⌠#_.∩...'..._#(≈§§c#
####_..__##_.#'##c####
#_____###'#.#§c).###
############.####'###)##
#∩.....@..'...c.....'.∩#
###++++####c).##########
###(### #.#'#.# #.....#
#...[.# #######


You could see 2 centaur warriors.

Vanquished Creatures
  Sonja (D)
  A deep troll (D)
  A slime creature (D)
  Sigmund (D)
  A yak (D)
  An ogre (D)
  A jelly (D)
  Ijyb (D)
  A ballistomycete spore (D)
9 creatures vanquished.

Vanquished Creatures (others)
  A gargoyle (D)
  A ballistomycete spore (D)
2 creatures vanquished.

Grand Total: 11 creatures vanquished

Notes
Turn   | Place    | Note
-------+----------+-------------------------------------------
     0 | D        | Conn the Ghoul Brigand began the quest for the Orb.
     0 | D        | Reached XP level 1. HP: 17/17 MP: 0/0
     2 | D        | Noticed Ijyb
     7 | D        | Killed Ijyb
     8 | D        | Reached skill level 1 in Dodging
     8 | D        | Reached skill level 7 in Stealth
     8 | D        | Reached XP level 2. HP: 20/25 MP: 1/1
     8 | D        | Reached XP level 3. HP: 24/30 MP: 2/2
    60 | D        | Noticed an ogre
    68 | D        | Killed an ogre
    69 | D        | Reached skill level 10 in Stealth
    69 | D        | Reached XP level 4. HP: 11/40 MP: 3/3
   295 | D        | Noticed Sigmund
   298 | D        | Killed Sigmund
   299 | D        | Reached skill level 12 in Stealth
   299 | D        | Reached XP level 5. HP: 47/47 MP: 4/4
   299 | D        | Reached XP level 6. HP: 53/53 MP: 5/5
   310 | D        | Found an ornate altar of the Wu Jian Council.
   310 | D        | Found a shimmering blue altar of Sif Muna.
   312 | D        | Found a radiant altar of Vehumet.
   317 | D        | Reached skill level 13 in Stealth
   322 | D        | Learned a level 1 spell: Apportation
   337 | D        | Found Evoodd's Armour Emporium.
   337 | D        | Found an ancient bone altar of Kikubaaqudgha.
   337 | D        | Found a hazy altar of Hepliaklqana.
   337 | D        | Found a hide-covered altar of Uskayaw.
   337 | D        | Found a basalt altar of Yredelemnul.
   337 | D        | Found an opulent altar of Gozag.
   337 | D        | Found a snail-covered altar of Cheibriados.
   337 | D        | Found a sacrificial altar of Ru.
   337 | D        | Found a shadowy altar of Dithmenos.
   337 | D        | Noticed a yak
   338 | D        | Found a stormy altar of Qazlal.
   338 | D        | Found a blossoming altar of Fedhas.
   338 | D        | Found a bloodstained altar of Trog.
   338 | D        | Found an iron altar of Okawaru.
   365 | D        | Killed a yak
   366 | D        | Reached skill level 5 in Fighting
   366 | D        | Reached skill level 14 in Stealth
   366 | D        | Reached XP level 7. HP: 31/61 MP: 6/6
   388 | D        | Found a sparkling altar of Nemelex Xobeh.
   516 | D        | Found a burning altar of Makhleb.
   516 | D        | Found a viscous altar of Jiyva.
   516 | D        | Found a shimmering altar of Xom.
   516 | D        | Found a corrupted altar of Lugonu.
   516 | D        | Noticed a slime creature
   525 | D        | Killed a gargoyle
   541 | D        | Killed a slime creature
   542 | D        | Reached skill level 5 in Throwing
   542 | D        | Reached skill level 15 in Stealth
   755 | D        | Bought a +0 kite shield for 58 gold pieces
   768 | D        | Noticed Sonja
   772 | D        | Killed Sonja
   773 | D        | Reached skill level 5 in Short Blades
   773 | D        | Reached skill level 16 in Stealth
   773 | D        | Reached XP level 8. HP: 71/71 MP: 7/7
   821 | D        | Found Amisil's Book Boutique.
   841 | D        | Noticed a deep troll
   890 | D        | Killed a deep troll
   891 | D        | Reached XP level 9. HP: 30/79 MP: 8/8
  1133 | D        | Found Duakecw's Armour Emporium.
  1182 | D        | Noticed a centaur warrior
  1183 | D        | Noticed a centaur warrior
  1528 | D        | Shot with an arrow by a centaur warrior

Illustrated notes

Levels and vault maps discovered:
D:        dungeon_sprint_1 [red_sonja_temple_1, red_sonja_temple_small_1]

Skill      XL: |  1  2  3  4  5  6  7  8 |
---------------+-------------------------+-----
Short Blades   | 2 3 4 5 6 |  6.0
Throwing       | 2 3 4 5 6 |  6.4
Dodging        | 1 2 3 |  3.5
Stealth        | 7 10 12 14 16 | 16.9
Fighting       | 3 4 5 6 7 |  7.0
Armour         | 2 3 |  3.1
Shields        | 2 3 |  3.1

Action                   |  1- 3 |  4- 6 |  7- 9 || total
-------------------------+-------+-------+-------++-------
Melee: Dagger            |     2 |     5 |    29 ||    36
Throw: Dart              |     3 |     5 |    17 ||    25
  Use: Potion            |       |       |     2 ||     2
       Scroll            |       |       |     1 ||     1
 Stab: Sleeping          |     2 |     2 |     2 ||     6
Armor: Robe              |       |     1 |       ||     1
       Ring mail         |       |       |    14 ||    14
Dodge: Dodged            |       |     3 |    15 ||    18
Block: Kite shield       |       |       |    17 ||    17

Table legend: (Time is in decaauts)
 A = Elapsed time spent in this place.
 B = Non-inter-level travel time spent in this place.
 C = Inter-level travel time spent in this place.
 D = Time resting spent in this place.
 E = Time spent auto-exploring this place.
 F = Levels seen in this place.
 G = Mean time per level.
                   A        B        C        D        E       F      G
               +--------+--------+--------+--------+--------+-----+--------+
         Total |   1500 |   1500 |      0 |   1024 |      0 |   1 | 1500.0 |
       Dungeon |   1500 |   1500 |      0 |   1024 |      0 |   1 | 1500.0 |
               +--------+--------+--------+--------+--------+-----+--------+

Top non-repeatable levels by time:
       D: 1500 daAuts
